AoeStats
← 落花之情

Black Forest

504278749Analyzed
4v4 RM · 26d ago on Sep 4, 2026· 50m 28s· 8 players
Game mode
Random Map
Map size
Large (8 player)
Population
200
Speed
Normal
Resources
Standard
Victory
Conquest
Starting age
Dark Age
Ending age
Imperial Age
RankedLock teamsTeams togetherTeam positionsShared explorationLock speedFull tech treeHidden civsTurbo modeCheats
Victory
Defeat
🇹🇼 Turks · Taiwan
1701
+10
🇦🇷 Shu · Argentina
1682
+11
🇹🇼 Persians · Taiwan
1664
+12
🇨🇳 Bohemians · China
1589
+15
🇧🇷 Persians · Brazil
1641
-14
🇩🇪 Aztecs · Germany
1606
-14
🇩🇪 Bohemians · Germany
1545
-11
🇯🇵 Vietnamese · Japan
1507
-9
落花之情
7:07 Loom
11:32 Feudal Age
13:12 Double-Bit Axe
16:12 Castle Age
14:10 Horse Collar
19:01 Fervor
22:01 Wheelbarrow
22:19 Bow Saw
24:00 Heavy Plow
25:27 Hand Cart
29:20 Imperial Age
26:42 Town Watch
28:01 Sanctity
27:36 Fletching
28:59 Chemistry
28:22 Scale Mail Armor
28:33 Forging
27:46 Pikeman
28:25 Treadmill Crane
29:23 Chain Mail Armor
29:16 Wagenburg Tactics
30:32 Iron Casting
30:24 Conscription
30:07 Squires
31:30 Two-Man Saw
30:34 Halberdier
33:56 Plate Mail Armor
34:27 Blast Furnace
34:02 Siege Engineers
36:08 Bodkin Arrow
37:12 Ballistics
36:53 Bracer
38:08 Bombard Tower
40:06 Masonry
39:53 Murder Holes
40:56 Caravan
40:46 Houfnice
43:38 Arson
44:47 Coinage
44:28 Guilds
44:32 Man-at-Arms
45:27 Long Swordsman
47:00 Architecture
46:37 Two-Handed Swordsman
47:56 Banking
48:08 Champion
康寶羊
0:57 Loom
10:47 Feudal Age
16:14 Fletching
18:40 Wheelbarrow
21:34 Castle Age
20:39 Double-Bit Axe
20:49 Horse Collar
26:20 Bow Saw
27:13 Heavy Plow
28:33 Gold Mining
28:34 Stone Mining
32:32 Imperial Age
31:59 Bodkin Arrow
32:04 Padded Archer Armor
32:22 Crossbowman
33:24 Hand Cart
34:09 Ballistics
34:49 Chemistry
33:14 Arbalester
34:04 Thumb Ring
34:24 Bracer
34:40 Leather Archer Armor
35:19 Gold Shaft Mining
36:17 Conscription
36:31 Bolt Magazine
37:33 Ring Archer Armor
37:26 Gambesons
37:41 Squires
37:26 Arson
40:35 Caravan
40:53 Pikeman
41:34 Scale Mail Armor
41:44 Forging
42:04 Halberdier
44:58 Chain Mail Armor
46:46 Plate Mail Armor
MrLaoLiu
2:16 Loom
11:35 Feudal Age
15:06 Castle Age
13:20 Double-Bit Axe
13:47 Fishing Lines
16:10 Bow Saw
22:35 Wheelbarrow
22:45 Gillnets
25:20 Forging
24:52 Horse Collar
28:14 Imperial Age
26:40 Scale Barding Armor
26:48 Devotion
26:47 Gold Mining
27:33 Hand Cart
28:25 Iron Casting
28:10 Chain Barding Armor
28:11 Heavy Plow
28:45 Caravan
29:19 Husbandry
29:42 Conscription
30:57 Two-Man Saw
31:17 Blast Furnace
30:52 Plate Barding Armor
30:46 Bloodlines
30:36 Town Watch
31:59 Gold Shaft Mining
31:23 Stone Mining
31:05 Elite War Elephant
37:56 Stone Shaft Mining
39:18 Faith
40:07 Coinage
40:25 Hoardings
40:08 Citadels
41:30 Banking
42:42 Crop Rotation
Sumi
11:50 Feudal Age
15:55 Castle Age
14:18 Double-Bit Axe
15:38 Fishing Lines
17:02 Bow Saw
18:04 Horse Collar
22:39 Gillnets
25:00 Wheelbarrow
24:43 Loom
29:03 Imperial Age
27:40 Padded Archer Armor
27:55 Heavy Plow
28:38 Leather Archer Armor
30:31 Artillery
32:48 Ring Archer Armor
33:04 Conscription
35:10 Elite Janissary
42:43 Fletching
43:16 Ballistics
43:18 Bombard Tower
43:25 Husbandry
43:35 Bloodlines
43:09 Heavy Cavalry Archer
44:15 Parthian Tactics
44:00 Thumb Ring
43:50 Bodkin Arrow
43:56 Heavy Camel Rider
44:43 Scale Barding Armor
44:48 Forging
45:44 Chain Barding Armor
47:08 Iron Casting
47:53 Plate Barding Armor
うーぺー
0:45 Loom
10:10 Feudal Age
10:15 Man-at-Arms
17:27 Fletching
20:30 Wheelbarrow
20:16 Fishing Lines
24:49 Castle Age
24:14 Gold Mining
24:15 Stone Mining
25:30 Double-Bit Axe
25:41 Double-Bit Axe
25:39 Horse Collar
25:54 Gillnets
26:34 Heavy Plow
28:18 Bow Saw
36:01 Imperial Age
34:26 Scale Barding Armor
34:32 Forging
34:23 Chatras
35:26 Husbandry
35:36 Bloodlines
36:54 Stone Shaft Mining
37:20 Chain Barding Armor
36:56 Elite Battle Elephant
38:49 Plate Barding Armor
38:50 Iron Casting
39:24 Caravan
40:30 Two-Man Saw
40:03 Crop Rotation
40:07 Light Cavalry
45:00 Coinage
45:11 Paper Money
46:19 Banking
46:01 Guilds
47:11 Bodkin Arrow
47:38 Ballistics
48:19 Chemistry
Schmandl
9:14 Loom
11:26 Feudal Age
17:32 Castle Age
15:33 Double-Bit Axe
16:34 Town Watch
16:39 Horse Collar
17:55 Fishing Lines
18:49 Bow Saw
21:28 Wheelbarrow
21:01 Stone Mining
21:22 Gillnets
27:01 Hand Cart
29:51 Imperial Age
27:46 Fletching
27:59 Town Watch
28:38 Ballistics
28:32 Bodkin Arrow
28:00 Crossbowman
29:08 Padded Archer Armor
29:27 Gold Mining
30:12 Leather Archer Armor
31:31 Gold Shaft Mining
30:57 Heavy Plow
32:03 Chemistry
31:36 Bracer
32:05 Arbalester
33:39 Capped Ram
36:16 Redemption
38:45 Treadmill Crane
39:35 Sanctity
44:39 Elite Skirmisher
Erg_Raider
11:13 Feudal Age
14:55 Castle Age
12:47 Double-Bit Axe
13:10 Horse Collar
15:47 Heavy Plow
16:00 Bow Saw
17:26 Fervor
20:41 Wheelbarrow
19:53 Loom
22:24 Hand Cart
24:37 Chemistry
28:32 Imperial Age
26:23 Pikeman
27:03 Squires
27:05 Padded Archer Armor
27:05 Scale Mail Armor
30:33 Two-Man Saw
30:07 Town Watch
30:40 Leather Archer Armor
30:16 Fletching
30:43 Wagenburg Tactics
30:59 Conscription
31:11 Siege Engineers
32:43 Ring Archer Armor
32:29 Chain Mail Armor
32:24 Forging
32:06 Halberdier
32:31 Arson
33:43 Houfnice
35:37 Elite Skirmisher
37:11 Chain Mail Armor
37:32 Iron Casting
36:52 Bodkin Arrow
37:50 Caravan
39:51 Plate Mail Armor
40:21 Blast Furnace
39:32 Imperial Skirmisher
46:49 Ballistics
46:40 Masonry
47:02 Bracer
47:09 Scale Barding Armor
46:48 Treadmill Crane
49:26 Man-at-Arms
Voxer El Brazilian
10:57 Feudal Age
15:53 Castle Age
14:29 Double-Bit Axe
17:06 Horse Collar
18:14 Bow Saw
18:30 Fishing Lines
20:06 Gillnets
21:08 Wheelbarrow
24:21 Hand Cart
29:29 Imperial Age
27:49 Heavy Plow
27:40 Gold Mining
27:40 Stone Mining
28:30 Scale Barding Armor
28:56 Masonry
28:58 Forging
29:07 Caravan
29:51 Chain Barding Armor
30:19 Gold Shaft Mining
30:19 Stone Shaft Mining
30:46 Two-Man Saw
30:16 Crop Rotation
30:02 Devotion
29:57 Elite War Elephant
31:18 Bloodlines
31:08 Husbandry
31:53 Conscription
32:11 Plate Barding Armor
32:12 Iron Casting
32:43 Coinage
32:23 Guilds
34:04 Banking
35:09 Blast Furnace
36:37 Fletching
37:10 Ballistics
36:59 Loom
37:00 Town Watch
39:37 Architecture
39:47 Hoardings
40:58 Chemistry
39:55 Bodkin Arrow
40:46 Citadels
40:56 Citadels
41:32 Pikeman
42:15 Squires
42:35 Scale Mail Armor
42:23 Arson
42:26 Halberdier
43:35 Chain Mail Armor
44:52 Plate Mail Armor
47:28 Heavy Camel Rider
47:28 Cavalier
48:29 Savar
Connection lost

Rejoining the realm…

Still unreachable

The connection could not be restored.

Session expired

The server has moved on; the page needs a fresh start.